 Dungeon Crawl Stone Soup version 0.21.1-1-g345015fe64 (webtiles) character file.

165 LevaFresel the Skirmisher (level 5, -4/42 HPs)
             Began as a Human Fighter on June 12, 2018.
             Killed by nerve-wracking pain
             ... invoked by P0WERM0DE's ghost
              (10 damage)
             ... on level 3 of the Dungeon.
             The game lasted 00:08:18 (2249 turns).

LevaFresel the Skirmisher (Human Fighter)           Turns: 2249, Time: 00:08:18

Health: -4/42      AC: 11    Str: 18    XL:     5   Next: 74%
Magic:  5/5        EV:  3    Int:  8    God:
Gold:   94         SH:  9    Dex: 12    Spells: 4/4 levels left

rFire    . . .     SeeInvis .   a - +0 long sword
rCold    . . .     Gourm    .   c - +0 shield
rNeg     . . .     Faith    .   e - +0 plate armour
rPois    .         Spirit   .   (no helmet)
rElec    .         Reflect  .   (no cloak)
rCorr    .         Harm     .   (no gloves)
MR       .....                  (no boots)
Stlth    ..........             (no amulet)
HPRegen  0.14/turn              (no ring)
MPRegen  0.09/turn              (no ring)

@: no status effects
A: no striking features
a: no special abilities


You were on level 3 of the Dungeon.
You were hungry.

You visited 1 branch of the dungeon, and saw 4 of its levels.

You collected 94 gold pieces.

Inventory:

Hand Weapons
 a - a +0 long sword (weapon)
 j - a +2 mace of protection
Armour
 b - a +0 scale mail
 c - a +0 shield (worn)
 e - a +0 plate armour (worn)
Scrolls
 g - a scroll of fog {unknown}
 h - a scroll of fear {unknown}
 i - a scroll of immolation {unknown}
 k - a scroll of magic mapping {unknown}
 m - a scroll of identify {unknown}
 o - a scroll of remove curse {unknown}
Potions
 d - a potion of might
 l - a potion of heal wounds {unknown}
 n - a potion of flight {unknown}
Comestibles
 f - 6 rations


   Skills:
 + Level 3.7 Fighting
 * Level 3.5 Long Blades
 + Level 3.5 Armour
 + Level 1.5 Dodging
 + Level 3.6 Shields


You had 4 spell levels left.
You didn't know any spells.

Dungeon Overview and Level Annotations

Branches:
Dungeon (4/15)
 Temple: D:4-7

Altars:
Okawaru

Annotations:
D:3 P0WERM0DE's ghost, weakling OpNe


Message History

You block the leopard gecko's attack.
Found a stone staircase leading up.
You block the leopard gecko's attack. The goblin hits you but does no damage.
P0WERM0DE's ghost stares at you.
The leopard gecko bites you but does no damage.
The leopard gecko hisses menacingly.
The leopard gecko barely misses you.
You riposte.
You closely miss the leopard gecko.
The leopard gecko is heavily wounded.
The goblin hits you but does no damage. The goblin hits you but does no damage.
The goblin hits you but does no damage.
The leopard gecko hisses menacingly.
The goblin hits you but does no damage. x2
You block the leopard gecko's attack. You block the goblin's attack.
P0WERM0DE's ghost casts a spell at you. Pain shoots through your body!
You die...

....._.....!........#.##.#..#
..#.....#..#.#......#.##....#
..##...##..#....... #.##.##.#
.............# #.##.##.#
.............#... #<......#
...>...##.......# ####.####
.########$##############.# .#
#.......l.........# .#
#..###g.#@#.###### #
#.$....g#W#g# #......g..#g#
#.#....g###.#
########.####..###.#
.....)...........g.#
####.#.##.########## #g#W##.#
#.#.##.#


You could see P0WERM0DE's ghost, a leopard gecko and a hobgoblin.

Vanquished Creatures
  A crimson imp (D:1)
  An orc priest (D:4)
  4 adders (D:2)
  A worm (D:3)
  6 leopard geckos
  3 orcs
  A ball python (D:1)
  2 giant cockroaches
  7 goblins
  6 hobgoblins
  2 jackals (D:1)
  2 quokkas
  7 bats
  3 frilled lizards (D:2)
  2 kobolds
  5 rats
53 creatures vanquished.

Notes
Turn   | Place    | Note
-------+----------+-------------------------------------------
     0 | D:1      | LevaFresel the Human Fighter began the quest for the Orb.
     0 | D:1      | Reached XP level 1. HP: 18/18 MP: 1/1
   218 | D:1      | Reached XP level 2. HP: 24/24 MP: 2/2
   305 | D:2      | Noticed a crimson imp
   459 | D:1      | Killed a crimson imp
   459 | D:1      | Reached skill level 1 in Dodging
   459 | D:1      | Reached XP level 3. HP: 11/29 MP: 3/3
   459 | D:1      | Reached XP level 4. HP: 14/35 MP: 4/4
  1372 | D:2      | Reached XP level 5. HP: 8/41 MP: 5/5
  1417 | D:2      | HP: 2/41 [something (4)]
  2146 | D:3      | Noticed P0WERM0DE's ghost (weakling OpNe)
  2156 | D:3      | Found an iron altar of Okawaru.
  2214 | D:3      | HP: 1/42 [P0WERM0DE's ghost/nerve-wracking pain (7)]
  2249 | D:3      | Killed from afar by P0WERM0DE's ghost

Skill      XL: |  1  2  3  4 |
---------------+-------------+-----
Dodging        | 1 |  1.5
Long Blades    | 3 |  3.5
Fighting       | |  3.7
Armour         | |  3.5
Shields        | |  3.6

Action                   |  1- 3 |  4- 6 || total
-------------------------+-------+-------++-------
Melee: Long sword        |   117 |   247 ||   364
  Eat: Chunk             |       |     1 ||     1
       Ration            |       |     1 ||     1
Armor: Scale mail        |     7 |       ||     7
       Plate armour      |    73 |   261 ||   334
Dodge: Dodged            |    15 |    51 ||    66
Block: Shield            |    52 |   189 ||   241
       Rpst.: Long sword |     4 |    18 ||    22
